AoeStats
← tomaro92

Arena

506099603Analyzed
1v1 RM · 20d ago on Sep 12, 2026· 28m 5s· 2 players
Game mode
Random Map
Map size
Tiny (2 player)
Population
200
Speed
Normal
Resources
Standard
Victory
Conquest
Starting age
Dark Age
Ending age
Imperial Age
RankedLock teamsTeams togetherTeam positionsShared explorationLock speedFull tech treeHidden civsTurbo modeCheats
Victory
Defeat
🇳🇱 Mongols · Netherlands
1155
+17
🇩🇪 Vietnamese · Germany
1176
-17
pim
8:04 Loom
10:47 Feudal Age
15:18 Castle Age
14:22 Double-Bit Axe
14:19 Horse Collar
14:38 Fletching
21:32 Bodkin Arrow
28:16 Ballistics
tomaro92
11:48 Feudal Age
15:24 Castle Age
13:14 Double-Bit Axe
13:12 Horse Collar
13:54 Gold Mining
16:34 Scale Mail Armor
17:51 Bow Saw
18:22 Squires
18:48 Chain Mail Armor
20:55 Loom
22:06 Squires
24:31 Arson
Connection lost

Rejoining the realm…

Still unreachable

The connection could not be restored.

Session expired

The server has moved on; the page needs a fresh start.